 Dungeon Crawl Stone Soup version 0.30-a0-509-gd016549fea (webtiles) character file.

Game seed: 6959582889829081575

1641 kae the Destroyer (level 8, -10/41 HPs)
             Began as a Tengu Fire Elementalist on Dec 22, 2022.
             Was a Follower of Vehumet.
             Killed by an exploding Maggie (24 damage)
             ... ignited by their inner flame
             ... on level 7 of the Dungeon.
             The game lasted 00:05:27 (7543 turns).

kae the Destroyer (Tengu Fire Elementalist)         Turns: 7543, Time: 00:05:28

Health: -10/41     AC:  5    Str:  9    XL:     8   Next: 99%
Magic:  8/16       EV: 14    Int: 17    God:    Vehumet [*.....]
Gold:   321        SH:  0    Dex: 15    Spells: 6/16 levels left

rFire   . . .      SeeInvis .    j - +0 short sword
rCold   . . .      Faith    .    (no shield)
rNeg    . . .      Spirit   .    k - +0 steam dragon scales
rPois   .          Reflect  .    (helmet restricted)
rElec   .          Harm     .    (no cloak)
rCorr   .          Rampage  .    (no gloves)
Will    .....                    (boots unavailable)
Stlth   ++........               (no amulet)
HPRegen 0.26/turn                (no ring)
MPRegen 0.15/turn                (no ring)

@: flying quickly and evasively, very slightly contaminated, quick
A: beak, talons 3, nimble flight
a: Renounce Religion


You were on level 7 of the Dungeon.
You worshipped Vehumet.
Vehumet was aware of your devotion.
You visited 1 branch of the dungeon, and saw 7 of its levels.

You collected 321 gold pieces.


Innate Abilities, Weirdness & Mutations

You have a beak for a mouth.
You have claws for feet.
Your magical nature lets you fly swiftly and evasively.


   Skills:
 - Level 2.1 Dodging
 - Level 2.0 Stealth
 + Level 4.8 Spellcasting
 * Level 9.2 Conjurations
 * Level 8.3 Fire Magic


You had 6 spell levels left.
You knew the following spells:

 Your Spells              Type           Power      Damage    Failure   Level
a - Foxfire               Conj/Fire      100%       2x1d9     1%          1
b - Scorch                Fire           64%        2d8       1%          2
c - Inner Flame           Hex/Fire       18%        N/A       8%          3
d - Flame Wave            Conj/Fire      34%        2d10      3%          4

Your spell library contained the following spells:

 Spells                   Type           Power      Damage    Failure   Level
 Shock                    Conj/Air       76%        1d7       2%          1
 Static Discharge         Conj/Air       38%        2-4/arc   3%          2
 Sting                    Tmut/Pois      16%        1d3       14%         1
 Kindle Blastsparks       Fire/Tloc/Air  26%        2d12      14%         3
 Poisonous Vapours        Pois/Air       8%         N/A       22%         2
 Vhi's Electric Charge    Tloc/Air       8%         N/A       41%         3
 Arcjolt                  Conj/Air       9%         1d19      52%         5
 Lightning Bolt           Conj/Air       9%         1d22      52%         5
 Olgreb's Toxic Radiance  Pois           4%         N/A       82%         4
 Summon Forest            Summ/Tloc      2%         N/A       99%         5
 Summon Mana Viper        Hex/Summ       4%         N/A       99%         5
 Summon Cactus Giant      Summ           2%         N/A       100%        6

Inventory:

Hand Weapons
 j - a +0 short sword (weapon)
   (You took it off a kobold on level 3 of the Dungeon)
Missiles
 e - 13 stones
 m - 4 poisoned darts
Armour
 a - a +1 robe
 k - +0 steam dragon scales (worn)
   (You found it on level 7 of the Dungeon)
Magical Staves
 c - a staff of death {!a}
   (You found it on level 2 of the Dungeon)
Wands
 s - a wand of iceblast (2)
   (You found it on level 7 of the Dungeon)
Scrolls
 d - 6 scrolls of identify {@r1}
 h - 2 scrolls of fear
 l - 2 scrolls of blinking {!r}
 r - 2 scrolls of teleportation {@r4}
Potions
 b - a potion of magic
 f - a potion of curing {@q1}
 g - a potion of haste {@q3}
 i - 2 potions of degeneration {!q}
 n - 2 potions of flight
 o - 2 potions of mutation {!q}
 p - 2 potions of attraction {!q}
 q - a potion of berserk rage {!q}

Dungeon Overview and Level Annotations

Branches:
Dungeon (7/15) Zot: 26455  Temple (0/1) D:5

Altars:
Ashenzari
Fedhas
Gozag
Hepliaklqana
Kikubaaqudgha
Nemelex Xobeh
Qazlal
Vehumet
Xom
Zin
The Shining One

Shops:
D:2 =

Annotations:
D:4 exclusion: black bear
D:7 3 runed translucent doors, Xtruder99's ghost, novice GnHu

#...##.....##....#
....##.....'..<..# ....
#...##.....####### ....
#...######.# .....
##'#######.########.....
.......................
#+..................#
≈#..............§§..#
≈#..............@.§.#
≈#.###########'##○§.#
≈#.#............#§§.#
########
##.#...#####'#..#...#
#.......
...+..#####..#..#...#
#.......
.....##∩8.##.#..#!..#
#.......
.....#.$..∩#.#..#...#
##.......
.....+.$..8#.#..#...#
#....##..
.....+._8c∩#.'..#
#....##.#


There were no monsters in sight!


Message History

r - 2 scrolls of teleportation {@r4} (gained 1)
You now have 321 gold pieces (gained 16).
You reach down and open the door.
There is an open door here.
As you open the door, it creaks loudly!
There is an open door here.
Found a stone staircase leading up.
You reach down and open the door.
Found a stone staircase leading down.
You reach down and open the door.
There is an open door here.
You reach down and open the door.
There is an open door here.
There is an open door here.
You reach down and open the door.
Found a glowing silver altar of Zin.
i - 2 potions of degeneration {!q} (gained 1) As you open the door, it creaks loudly!
There is an open door here.
You reach down and open the door.
There is an open door here.
There is an open door here.
There is an open door here.
You see here a +0 short sword.
You see here a +0 short sword.
There is a shaft here.
There is an open door here.
There is an open door here.
Key pressed, stopping explore.
There is an open door here.
Maggie the Vainglorious comes into view.
She is wielding a +0 broad axe.
Unknown command.
Casting: Scorch (safe; 1% risk of failure)
Confirm with . or Enter, or press ? or * to list all spells.
Aiming: Inner Flame (dangerous; 8% risk of failure)
Press: ? - help, Dir - move target, f - Maggie
Aim: Maggie, wielding a +0 broad axe and wearing +0 steam dragon scales (asleep, chance to affect: 73%)
You miscast Inner Flame.
You are very lightly contaminated with residual magic.
Sparks fly from your hands.
Maggie shouts!
Maggie casts a spell.
Maggie attempts to bespell you!
You are mesmerised by Maggie! 😕 HP[-5] MP[-3]
You take 5 damage, and now have 36/41 hp.
You lost 3 mp, and now have 13/16 mp.
Unknown command.
Casting: Inner Flame (dangerous; 8% risk of failure)
Confirm with . or Enter, or press ? or * to list all spells.
Aiming: Inner Flame (dangerous; 8% risk of failure)
Press: ? - help, Dir - move target, f/p - Maggie
Aim: Maggie, wielding a +0 broad axe and wearing +0 steam dragon scales (mesmerising, chance to affect: 73%) Maggie is filled with an inner flame.
Maggie points at you and mumbles some strange words.
The bolt of fire misses you. 😕 MP[-3]
You lost 3 mp, and now have 10/16 mp.
Casting: Inner Flame (dangerous; 8% risk of failure)
Confirm with . or Enter, or press ? or * to list all spells.
You conjure some foxfire!
Maggie says, "Leave now, and tell all of Margery's mercy!"
The foxfire hits Maggie but does no damage. 😕 HP[+1] MP[-1]
You lost 1 mp, and now have 9/16 mp.
Casting: Foxfire (safe; 1% risk of failure)
Confirm with . or Enter, or press ? or * to list all spells.
You conjure some foxfire!
The foxfire hits Maggie.
Flame seeps out of Maggie.
Maggie is engulfed in blazing flames.
Flame seeps out of Maggie.
The foxfire hits Maggie.
Flame seeps out of Maggie.
The foxfire hits Maggie.
Flame seeps out of Maggie.
Maggie is engulfed in blazing flames.
Flame seeps out of Maggie. 😕 MP[-1]
You lost 1 mp, and now have 8/16 mp.
Casting: Foxfire (safe; 1% risk of failure)
Confirm with . or Enter, or press ? or * to list all spells.
You conjure some foxfire!
The foxfire hits Maggie but does no damage.
The foxfire hits Maggie.
Flame seeps out of Maggie.
Maggie is engulfed in blazing flames.
Flame seeps out of Maggie.
Maggie gestures at you while chanting. The bolt of fire hits you!!
Ouch! That really hurt!
* * * LOW HITPOINT WARNING * * *
😨 HP[-23]
You take 23 damage, and now have 14/41 hp.
MASSIVE DAMAGE!! (PAUSE)
Okay, then.
Really read
l - 2 scrolls of blinking {!r}?
Okay, then.
Unknown command.
Unknown command.
As you read the scroll of fear, it crumbles to dust.
You assume a fearsome visage.
Maggie looks frightened!
You are no longer entranced.
Maggie is engulfed in blazing flames.
Vehumet accepts your kill. The fiery explosion engulfs you!!
Ouch! That really hurt!
You die...

Skill      XL: |  1  2  3  4  5  6  7  8 |
---------------+-------------------------+-----
Conjurations   | 2 3 4 6 7 9 |  9.2
Fire Magic     | 4 5 6 8 |  8.3
Spellcasting   | 3 4 |  4.8
Dodging        | |  2.1
Stealth        | |  2.0

Action                   |  1- 3 |  4- 6 |  7- 9 || total
-------------------------+-------+-------+-------++-------
Melee: Unarmed           |     4 |       |       ||     4
       Peck              |     2 |       |       ||     2
       Kick              |     1 |       |       ||     1
 Cast: Foxfire           |    54 |    99 |    69 ||   222
       Scorch            |     5 |    40 |    39 ||    84
       Inner Flame       |       |       |     1 ||     1
  Use: Scroll            |     3 |     8 |     6 ||    17
       Potion            |       |       |     1 ||     1
Armor: Robe              |     9 |    12 |     3 ||    24
Dodge: Dodged            |    11 |    73 |    28 ||   112

Levels and vault maps discovered:
D:1:      wheals_arrival_shading, layout_basic
D:2:      layout_loops_ring, serial_shops, shop, ebering_ecumenical_altar_webs
D:3:      layout_loops_corners, nicolae_vehumet_altar_sigil
D:4:      layout_loops_ring, nicolae_wu_jian_wuxing_cycle,
          overflow_temple_1_default, kennysheep_vampire_church,
          chequers_temple_overflow_statue_of_worship
D:5:      layout_loops_corners, nicolae_qazlal_eye_of_the_storm,
          mainiacjoe_overflow_cross_hatched, temple_fountains
D:6:      layout_basic, mainiacjoe_overflow_catch_the_wave
D:7:      layout_basic, zin_statuary, ebering_ghost_gozag, serial_rivers,
          chequers_serial_rivers_room_b, chequers_serial_rivers_room_b,
          chequers_serial_rivers_small_b, chequers_serial_rivers_room_a,
          chequers_serial_rivers_large_a, uniq_maggie

Notes
Turn   | Place    | Note
-------+----------+-------------------------------------------
     0 | D:1      | kae the Tengu Fire Elementalist began the quest for the
                  | Orb.
     0 | D:1      | Reached XP level 1. HP: 10/10 MP: 4/4
     0 | D:1      | magus.rc [v1.11.3]
   154 | D:1      | Reached skill level 2 in Conjurations
   154 | D:1      | Reached XP level 2. HP: 15/15 MP: 1/6
   567 | D:1      | Reached XP level 3. HP: 19/19 MP: 1/7
   570 | D:1      | Learned a level 2 spell: Scorch
   574 | D:1      | Learned a level 3 spell: Inner Flame
  1157 | D:2      | Reached skill level 3 in Conjurations
  1157 | D:2      | Reached skill level 4 in Fire Magic
  1218 | D:2      | Reached XP level 4. HP: 24/24 MP: 0/8
  1501 | D:2      | Found a faded altar of an unknown god.
  1598 | D:2      | You pick up a book of the Wilderness and begin reading...
  1598 | D:2      | You add the spells Summon Forest, Summon Mana Viper and
                  | Summon Cactus Giant to your library.
  1876 | D:2      | Found Kineth Vugi's Jewellery Boutique.
  2052 | D:2      | Reached skill level 4 in Conjurations
  2052 | D:2      | Gained mutation: Your magical nature lets you fly swiftly
                  | and evasively. [Tengu growth]
  2052 | D:2      | Reached XP level 5. HP: 28/28 MP: 5/10
  2818 | D:3      | Found a radiant altar of Vehumet.
  3059 | D:3      | Became a worshipper of Vehumet
  3617 | D:4      | Found a hazy altar of Hepliaklqana.
  3623 | D:4      | Reached skill level 3 in Spellcasting
  3623 | D:4      | Reached skill level 5 in Fire Magic
  3623 | D:4      | Reached XP level 6. HP: 27/32 MP: 5/11
  3701 | D:4      | Noticed a black bear
  3708 | D:4      | Learned a level 4 spell: Flame Wave
  3798 | D:4      | Reached skill level 5 in Conjurations
  3916 | D:4      | Found an ancient bone altar of Kikubaaqudgha.
  4365 | D:4      | Found a blossoming altar of Fedhas.
  4366 | D:4      | Found an opulent altar of Gozag.
  4366 | D:4      | Found a glowing golden altar of the Shining One.
  4434 | D:4      | You are sucked into a shaft and drop 1 floor!
  4434 | D:5      | Entered Level 5 of the Dungeon
  4444 | D:5      | Reached skill level 6 in Conjurations
  4444 | D:5      | Reached XP level 7. HP: 36/36 MP: 5/13
  4528 | D:5      | Reached skill level 6 in Fire Magic
  4547 | D:5      | Reached * piety under Vehumet
  4547 | D:5      | Offered knowledge of Shock by Vehumet.
  4785 | D:5      | Found a broken altar of Ashenzari.
  4795 | D:5      | You pick up a book of Lightning and begin reading...
  4795 | D:5      | You add the spells Static Discharge, Vhi's Electric Charge,
                  | Lightning Bolt and Arcjolt to your library.
  5226 | D:5      | Found a staircase to the Ecumenical Temple.
  5307 | D:5      | Reached skill level 7 in Conjurations
  5446 | D:5      | Found a stormy altar of Qazlal.
  5583 | D:6      | HP: 6/36 [scorpion (4)]
  5590 | D:6      | Reached skill level 4 in Spellcasting
  5590 | D:6      | Reached XP level 8. HP: 14/41 MP: 0/15
  5736 | D:6      | Reached skill level 7 in Fire Magic
  6043 | D:6      | Reached skill level 8 in Conjurations
  6451 | D:6      | Found a shimmering altar of Xom.
  6501 | D:6      | Found a sparkling altar of Nemelex Xobeh.
  6658 | D:6      | Reached skill level 8 in Fire Magic
  6782 | D:6      | Reached skill level 9 in Conjurations
  7083 | D:7      | Found a runed translucent gate.
  7083 | D:7      | Found a runed translucent gate.
  7083 | D:7      | Found a runed translucent gate.
  7086 | D:7      | Found an opulent altar of Gozag.
  7088 | D:7      | Noticed Xtruder99's ghost (novice GnHu)
  7174 | D:7      | You add the spells Sting, Poisonous Vapours and Olgreb's
                  | Toxic Radiance to your library.
  7338 | D:7      | Found a glowing silver altar of Zin.
  7534 | D:7      | Noticed Maggie
  7543 | D:7      | Killed Maggie
  7543 | D:7      | Killed by an exploding Maggie... ignited by their inner
                  | flame

Vanquished Creatures
  Maggie (D:7)
  A steam dragon (D:7)
  2 black bears
  A sky beast (D:6)
  2 necrophages (D:4)
  A bullfrog (D:6)
  6 scorpions
  3 wights (D:6)
  2 vampire bats (D:4)
  5 hounds
  2 jellies
  12 adders
  3 gnolls (D:2)
  A shadow imp (D:5)
  An ufetubus (D:6)
  A worm (D:5)
  4 dart slugs
  An orc (D:5)
  3 ball pythons
  3 bat skeletons (D:4)
  3 bat zombies (D:4)
  13 endoplasms
  3 giant cockroaches
  5 goblins
  8 hobgoblins
  5 jackals
  8 kobolds
  6 quokkas
  7 bats
  3 frilled lizards (D:1)
  8 rats
124 creatures vanquished.

Vanquished Creatures (others)
  329 foxfires
  9 fungi (D:5)
338 creatures vanquished.

Grand Total: 462 creatures vanquished

Table legend:
 A = Non-vault XP
 B = Vault XP
 C = Vault XP percentage of total XP
 D = Non-vault monster count
 E = Vault monster count
 F = Vault count percentage of total count
                 A         B        C        D         E       F
            +---------+---------+-------+---------+---------+-------
      Total |    2219 |     505 |  18.5 |     115 |       9 |   7.3
            +---------+---------+-------+---------+---------+-------
        D:1 |      45 |       0 |   0.0 |      26 |       0 |   0.0
        D:2 |     125 |       0 |   0.0 |      30 |       0 |   0.0
        D:3 |      76 |       0 |   0.0 |      19 |       0 |   0.0
        D:4 |     201 |     126 |  38.5 |      10 |       8 |  44.4
        D:5 |     583 |       0 |   0.0 |      12 |       0 |   0.0
        D:6 |    1006 |       0 |   0.0 |      17 |       0 |   0.0
        D:7 |     183 |     379 |  67.4 |       1 |       1 |  50.0
            +---------+---------+-------+---------+---------+-------

Illustrated notes

Table legend:
 A = Kills in this place as a percentage of kills in entire the game.
 B = Kills by you in this place as a percentage of kills by you in the entire game.
 C = Kills by friends in this place as a percentage of kills by friends in the entire game.
 D = Other kills in this place as a percentage of other kills in the entire game.
 E = Experience gained in this place as a percentage of experience gained in the entire game.
 F = Experience gained in this place divided by the number of levels of this place that you have seen.
                   A       B       C       D       E      F
               +-------+-------+-------+-------+-------+----------------------
         Total | 100.0 | 100.0 |   N/A |   N/A | 100.0 | 389.1
       Dungeon | 100.0 | 100.0 |   N/A |   N/A | 100.0 | 389.1
               +-------+-------+-------+-------+-------+----------------------

Table legend: (Time is in decaauts)
 A = Elapsed time spent in this place.
 B = Non-inter-level travel time spent in this place.
 C = Inter-level travel time spent in this place.
 D = Time resting spent in this place.
 E = Time spent auto-exploring this place.
 F = Levels seen in this place.
 G = Mean time per level.
                   A        B        C        D        E       F      G
               +--------+--------+--------+--------+--------+-----+--------+
         Total |   7191 |   7003 |    188 |    486 |   5542 |   7 | 1027.3 |
       Dungeon |   7191 |   7003 |    188 |    486 |   5542 |   7 | 1027.3 |
               +--------+--------+--------+--------+--------+-----+--------+

Top non-repeatable levels by time:
     D:6: 1334 daAuts
     D:3: 1286 daAuts
     D:1: 1118 daAuts
     D:2: 1106 daAuts
     D:5: 1024 daAuts
     D:4: 777 daAuts
     D:7: 543 daAuts
